 Dungeon Crawl Stone Soup version 0.30-a0-808-g6e0788376e (webtiles) character file.

Game seed: 14961888753744624131

216 demibob the Poker (level 5, -1/44 HPs)
             Began as a Merfolk Gladiator on Feb 26, 2023.
             Slain by a hornet (4 damage)
             ... while paralysed by a hornet
             ... on level 4 of the Dungeon.
             The game lasted 00:06:13 (3390 turns).

demibob the Poker (Merfolk Gladiator)               Turns: 3390, Time: 00:06:13

Health: -1/44      AC:  6    Str: 14    XL:     5   Next: 93%
Magic:  5/5        EV:  2    Int: 10    God:
Gold:   133        SH:  0    Dex: 15    Spells: 4/4 levels left

rFire   . . .      SeeInvis .    a - +0 trident
rCold   . . .      Faith    .    (no shield)
rNeg    . . .      Spirit   .    b - +0 leather armour
rPois   .          Reflect  .    c - +0 helmet
rElec   .          Harm     .    (no cloak)
rCorr   .          Rampage  .    h - +1 pair of gloves
Will    .....                    (no boots)
Stlth   +                        (no amulet)
HPRegen 0.27/turn                (no ring)
MPRegen 0.09/turn                (no ring)

@: paralysed, lethally poisoned (-1 -> -7), slowed
A: (nimble swimmer 2), mertail
a: no special abilities


You were on level 4 of the Dungeon.
You visited 1 branch of the dungeon, and saw 4 of its levels.

You collected 133 gold pieces.


Innate Abilities, Weirdness & Mutations

((You are very nimble when in or above water. (Stealth+, EV+, Speed+++)))
Your lower body shifts to a powerful aquatic tail in water.


   Skills:
 * Level 5.5 Fighting
 + Level 5.7 Polearms
 - Level 2.0 Throwing
 - Level 4.0 Dodging


You had 4 spell levels left.
You didn't know any spells.
Your spell library contained the following spells:

 Spells                   Type           Power      Damage    Failure   Level
 Ensorcelled Hibernation  Hex/Ice        0%         N/A       58%         2
 Ozocubu's Armour         Ice            0%         N/A       82%         3
 Spider Form              Tmut/Pois      0%         N/A       82%         3
 Vhi's Electric Charge    Tloc/Air       0%         N/A       82%         3
 Anguish                  Hex/Necr       0%         N/A       99%         4
 Arcjolt                  Conj/Air       0%         1d10      100%        5
 Metabolic Englaciation   Hex/Ice        0%         N/A       100%        5
 Simulacrum               Ice/Necr       0%         N/A       100%        6
 Maxwell's Capacitive Co  Air            0%         ∞         100%        8

Inventory:

Hand Weapons
 a - a +0 trident (weapon)
Missiles
 d - 3 throwing nets (quivered) {=f}
 e - 6 javelins
Armour
 b - a +0 leather armour (worn)
 c - a +0 helmet (worn)
 h - a +1 pair of gloves (worn)
Jewellery
 L - a ring of flight
Scrolls
 i - 3 scrolls of identify {@r1}
 m - 2 scrolls of immolation
 n - a scroll of enchant armour
Potions
 j - a potion of resistance
 k - a potion of curing {@q1}
 o - 3 potions of heal wounds {@q2}

Dungeon Overview and Level Annotations

Branches:
Dungeon (4/15)
 Temple: D:4-7

Altars:
Okawaru
Uskayaw
Xom

...... . .....
.. .... .. <..
.. ..### #. ...
#..#.#####
###...<$...###.
........@y......
.#####...#......
#...# .....
.....# .)..
###.... ...
###.# ## #.# #..


You could see a hornet.


Message History

The hornet stings you.
You are poisoned.
You feel yourself slow down. The hornet closely misses you.
Okay, then.
Unknown command.
You hit the hornet.
The hornet is lightly wounded.
You feel very sick. The hornet barely misses you. The hornet stings you!
* * * LOW HITPOINT WARNING * * *
You feel as though you will be slow longer.
You feel better. The hornet closely misses you.
The hornet completely misses you.
You hit the hornet.
The hornet is moderately wounded.
The hornet stings you.
You suddenly lose the ability to move!
The hornet stings you.
* * * LOW HITPOINT WARNING * * *
You feel as though you will be slow longer.
The hornet stings you!
* * * LOW HITPOINT WARNING * * *
You are lethally poisoned!
You feel as though you will be slow longer.
* * * LOW HITPOINT WARNING * * *
You feel very sick.
The hornet stings you but does no damage.
* * * LOW HITPOINT WARNING * * *
You feel sick. The hornet stings you.
You die...

Skill      XL: |  1  2  3  4  5 |
---------------+----------------+-----
Fighting       | 3 4 5 |  5.5
Polearms       | 5 |  5.7
Throwing       | |  2.0
Dodging        | |  4.0

Action                     |  1- 3 |  4- 6 || total
---------------------------+-------+-------++-------
  Melee: Trident           |   121 |   145 ||   266
         Punch             |       |     2 ||     2
    Use: Scroll            |     3 |     7 ||    10
         Potion            |     3 |     1 ||     4
   Stab: Sleeping          |     6 |     5 ||    11
 Armour: Leather armour    |    18 |    48 ||    66
         Skin              |    17 |       ||    17
  Dodge: Dodged            |    55 |    68 ||   123

Levels and vault maps discovered:
D:1:      dpeg_arrival_leaves_temple_mockup, layout_loops_corners,
          grunt_decor_mini_mirrors, minmay_box_of_dots
D:2:      layout_basic, hellmonk_ecumenical_altar_run_dry,
          minmay_tiny_reverse_x, uniq_natasha
D:3:      corexii_shack_village, layout_basic, minitemple
D:4:      layout_basic, kennysheep_generic_room_7, uniq_grinder

Notes
Turn   | Place    | Note
-------+----------+-------------------------------------------
     0 | D:1      | demibob the Merfolk Gladiator began the quest for the Orb.
     0 | D:1      | Reached XP level 1. HP: 16/16 MP: 1/1
    83 | D:1      | Reached XP level 2. HP: 23/23 MP: 2/2
   187 | D:1      | Reached skill level 3 in Fighting
   506 | D:1      | Reached XP level 3. HP: 19/29 MP: 3/3
  1229 | D:2      | Found a faded altar of an unknown god.
  1468 | D:2      | Noticed Natasha
  1483 | D:2      | HP: 1/30 [white imp/puff of frost[Natasha] (8)]
  1494 | D:2      | HP: 1/45 [white imp[Natasha] (5)]
  1497 | D:2      | Killed Natasha
  1498 | D:2      | Reached skill level 4 in Fighting
  1498 | D:2      | Reached skill level 5 in Polearms
  1498 | D:2      | Reached XP level 4. HP: 2/37 MP: 4/4
  1639 | D:2      | Noticed Natasha
  1648 | D:2      | Killed Natasha
  1693 | D:2      | Noticed Natasha
  1700 | D:2      | Killed Natasha
  1701 | D:2      | Reached XP level 5. HP: 38/43 MP: 5/5
  1860 | D:2      | Reached skill level 5 in Fighting
  2640 | D:3      | Found an iron altar of Okawaru.
  2646 | D:3      | Found a hide-covered altar of Uskayaw.
  2648 | D:3      | Found a shimmering altar of Xom.
  3362 | D:3      | Identified a potion of resistance
  3382 | D:4      | Noticed a hornet
  3388 | D:4      | Paralysed by a hornet for 3 turns
  3390 | D:4      | HP: 3/44 [poisoned by a hornet]
  3390 | D:4      | Slain by a hornet

Vanquished Creatures
  Natasha (thrice) (D:2)
  5 adders
  4 dart slugs
  An orc (D:3)
  7 bats
  8 endoplasms
  6 giant cockroaches
  9 goblins
  12 hobgoblins
  4 jackals (D:1)
  2 quokkas
  6 ball pythons
  2 frilled lizards
  8 kobolds
  6 rats
83 creatures vanquished.

Vanquished Creatures (others)
  A plant (D:3)
1 creature vanquished.

Grand Total: 84 creatures vanquished

Table legend: (Time is in decaauts)
 A = Elapsed time spent in this place.
 B = Non-inter-level travel time spent in this place.
 C = Inter-level travel time spent in this place.
 D = Time resting spent in this place.
 E = Time spent auto-exploring this place.
 F = Levels seen in this place.
 G = Mean time per level.
                   A        B        C        D        E       F      G
               +--------+--------+--------+--------+--------+-----+--------+
         Total |   3404 |   3346 |     58 |    270 |   2512 |   4 |  851.0 |
       Dungeon |   3404 |   3346 |     58 |    270 |   2512 |   4 |  851.0 |
               +--------+--------+--------+--------+--------+-----+--------+

Top non-repeatable levels by time:
     D:3: 1167 daAuts
     D:2: 1159 daAuts
     D:1: 1064 daAuts
     D:4: 11 daAuts

Table legend:
 A = Non-vault XP
 B = Vault XP
 C = Vault XP percentage of total XP
 D = Non-vault monster count
 E = Vault monster count
 F = Vault count percentage of total count
                 A         B        C        D         E       F
            +---------+---------+-------+---------+---------+-------
      Total |     247 |      62 |  20.1 |      68 |      15 |  18.1
            +---------+---------+-------+---------+---------+-------
        D:1 |      40 |       4 |   9.1 |      21 |       3 |  12.5
        D:2 |     140 |      39 |  21.8 |      27 |       3 |  10.0
        D:3 |      54 |      19 |  26.0 |      19 |       9 |  32.1
        D:4 |      13 |       0 |   0.0 |       1 |       0 |   0.0
            +---------+---------+-------+---------+---------+-------
